Kings vs Avalanche

Created - 18 avril 2024 at 10:53

Goals
1 2 3 T
Kings 1 2 2 5
Avalanche 0 0 0 0
Shots
1 2 3 T
Kings 6 17 10 33
Avalanche 5 11 15 31

GoalsPenalties
1st period
1. Kings , Sean Kuraly 17 (Christian Fischer 22) at 16:04
No Penalty
2nd period
2. Kings , Christian Fischer 19 (Sean Kuraly 19, Jonas Brodin 24) at 9:12
3. Kings , Tomas Hertl 37 (Alex Ovechkin 41, Jordan Eberle 21) at 10:15
Tomas Hertl (LAK) for Interference (Minor) at 11:53
Adam Henrique (COL) for Tripping (Minor) at 16:20
3rd period
4. Kings , Anthony Richard 9 (Carl Grundstrom 17, Christian Fischer 23) at 2:31
5. Kings , Olli Maatta 1 (Artemi Panarin 42, Alex Goligoski 22) at 14:19
Josh Anderson (COL) for Holding (Minor) at 4:52
Alex Ovechkin (LAK) for Slashing (Minor) at 14:55
Goalie Stats
Alexandar Georgiev (LAK), 31 saves from 31 shots - (1,000), W, 34-19-4, 60:00 minutes
Vitek Vanecek (COL), 28 saves from 33 shots - (0,848), L, 31-15-4, 60:00 minutes
3 StarsOfficial
1 - Alexandar Georgiev (LAK)
2 - Christian Fischer (LAK)
3 - Sean Kuraly (LAK)
Referees : Francis Charron and Shaun Davis
Linesman : Bryan Pancich and Steve Miller
Game Note
No Game Note
Finance
Level 1 -- Attendance: 5550 (92,50%) -- Ticket Income $555,000
Level 2 -- Attendance: 3631 (72,62%) -- Ticket Income $254,170
Level 3 -- Attendance: 1590 (79,50%) -- Ticket Income $74,730
Level 4 -- Attendance: 2461 (61,53%) -- Ticket Income $86,135
Luxury Box -- Attendance: 1000 (100,00%) -- Ticket Income $160,000
Game was played at the Pepsi Center.
Total Attendance: 14232 (79,07%)
Total Ticket Income: $1,130,035
Other Income: $553,717
Total Income: $1,683,752



Team Name Goals Shots Shots Attemp Shots Blocked PIM HIT PP PK FO%
Kings 53356124210 / 2 (0%)054%
Avalanche 0317184300 / 2 (0%)046%

Kings
Player Name POS G A P +/- PIM HIT SHT SB MP PP MP PP SHT PK MP PK SHT FO% FOT GA TA
Alex GoligoskiD0112001121:551:2901:4000% 010
Alex OvechkinLW/RW0111225120:082:1100:4400% 020
Anthony RichardC/LW101100108:490:0000:0900% 000
Artemi PanarinLW/RW0111000015:391:4200:0000% 040
Brian DumoulinD0003001022:002:2900:0000% 011
Carl GrundstromLW/RW011103009:240:0500:2300% 000
Christian FischerC/RW1232013115:040:0502:030100% 100
Jayson MegnaC/RW000101109:280:0000:4810% 101
Jeff CarterC/RW0001030217:211:4201:2300% 000
Jonas BrodinD0113013025:092:2902:1810% 010
Jordan EberleC/RW0111020118:272:1100:0000% 201
Joshua BrownD0000000012:360:0000:0000% 001
Milan LucicLW0002020112:440:0000:0000% 000
Olli MaattaD1012012421:331:2901:4000% 000
Sean KuralyC/LW1122023015:040:0502:03070% 1011
Tage ThompsonC/LW/RW0001033115:391:4200:00056% 900
Tomas HertlC/LW/RW1011209019:042:1100:23052% 2900
Trevor van RiemsdykD0000001015:560:0002:1800% 001
Avalanche
Player Name POS G A P +/- PIM HIT SHT SB MP PP MP PP SHT PK MP PK SHT FO% FOT GA TA
Adam HenriqueC/LW/RW000-1215016:031:4600:00069% 1601
Andrew CoppC/LW000-2001110:490:0001:54033% 300
Brayden PointC/LW/RW000-2014017:062:1210:29036% 1101
Eric StaalC/LW000-2010110:420:0001:3500% 000
Gustav ForslingD000-3020223:222:1902:1000% 001
Gustav NyquistLW/RW0000023014:440:0000:3000% 120
Ilya MikheyevLW/RW000-2003116:372:1200:0000% 100
Ivan BarbashevC/LW000-1062014:170:0000:0000% 110
Jake SandersonD0000003022:211:3901:4800% 011
Josh AndersonLW/RW000-1240016:151:4600:0000% 011
Mathieu JosephC/LW/RW000-2012010:450:0001:5000% 000
Matt RoyD000-3012216:350:0000:0000% 000
Nicolas RoyC/RW0000001016:040:0001:38041% 1710
Nino NiederreiterLW/RW000-2021016:372:1210:00050% 200
Ryan McDonaghD000-2040018:470:0002:1000% 001
Samuel GirardD0000021020:342:1901:4800% 001
Sean DurziD000-2021018:211:3900:0000% 002
Zach PariseLW/RW0000012116:011:4600:0000% 001

Kings

5 vs 5 Forward
Line #Left WingCenterRight WingPHYDFOFWanted %Time %Time Play
1Alex OvechkinTomas HertlJordan Eberle0143832%16:43
2Artemi PanarinTage ThompsonJeff Carter0233227%13:57
3Milan LucicSean KuralyChristian Fischer1132224%12:44
4Anthony RichardJayson MegnaCarl Grundstrom122817%8:40
5 vs 5 Defense
Line #DefenseDefensePHYDFOFWanted %Time %Time Play
1Jonas BrodinBrian Dumoulin1314041%21:17
2Alex GoligoskiOlli Maatta1313535%18:16
3Trevor van RiemsdykJoshua Brown1402524%12:22
4Jonas BrodinBrian Dumoulin12200%0:09
Power Play Forward
Line #Left WingCenterRight WingPHYDFOFWanted %Time %Time Play
1Alex OvechkinTomas HertlJordan Eberle0056057%2:16
2Artemi PanarinTage ThompsonJeff Carter0054043%1:42
Power Play Defense
Line #DefenseDefensePHYDFOFWanted %Time %Time Play
1Jonas BrodinBrian Dumoulin0146063%2:29
2Alex GoligoskiOlli Maatta0144037%1:29
Penalty Kill 4 Players Forward
Line #CenterWingPHYDFOFWanted %Time %Time Play
1Sean KuralyChristian Fischer1406080%3:10
2Jeff CarterJayson Megna1404020%0:48
Penalty Kill 4 Players Defense
Line #DefenseDefensePHYDFOFWanted %Time %Time Play
1Trevor van RiemsdykJonas Brodin1406058%2:18
2Alex GoligoskiOlli Maatta1404042%1:40
Penalty Kill 3 Players
Line #WingPHYDFOFWanted %Time %Time PlayDefenseDefensePHYDFOFWanted %Time %Time Play
1Sean Kuraly140600%0:00 Jonas BrodinBrian Dumoulin140600%0:00
2Jeff Carter140400%0:00 Alex GoligoskiOlli Maatta140400%0:00
4 vs 4 Forward
Line #CenterWingPHYDFOFWanted %Time %Time Play
1Tomas HertlAlex Ovechkin014600%0:00
2Tage ThompsonJordan Eberle014400%0:00
4 vs 4 Defense
Line #DefensePHYDFOFWanted %Time %Time Play
1Jonas BrodinTrevor van Riemsdyk122600%0:00
2Alex GoligoskiOlli Maatta122400%0:00
Last Minutes Offensive
Left WingCenterRight WingDefenseDefense
Alex OvechkinTomas HertlArtemi PanarinJonas BrodinBrian Dumoulin
Last Minutes Defensive
Left WingCenterRight WingDefenseDefense
Sean KuralyJeff CarterJayson MegnaJonas BrodinBrian Dumoulin
Time
Total ForwardTotal DefenseLast Minutes OffensiveLast Minutes Defensive
60:00 60:00 0:000:00
Extra Forwards
Normal PowerPlayPenalty Kill
Carl Grundstrom, Tomas Hertl, Jeff CarterTomas Hertl, Carl GrundstromTomas Hertl
Extra Defensemen
Normal PowerPlayPenalty Kill
Trevor van Riemsdyk, Jonas Brodin, Olli MaattaTrevor van Riemsdyk, Alex GoligoskiJonas Brodin
Penalty Shots
Tage Thompson, Jeff Carter, Tomas Hertl, Alex Ovechkin, Carl Grundstrom
Goalie
Alexandar Georgiev, Martin Jones
Custom OT Lines Forwards
Alex Ovechkin, Artemi Panarin, Tomas Hertl, Carl Grundstrom, Jeff Carter, Tage Thompson, Sean Kuraly, Jordan Eberle, Christian Fischer, Milan Lucic
Custom OT Lines Defensemen
Jonas Brodin, Alex Goligoski, Brian Dumoulin, Olli Maatta, Trevor van Riemsdyk
Scratches
Rudolfs Balcers (Healthy), Matt Irwin (Healthy)

Avalanche

5 vs 5 Forward
Line #Left WingCenterRight WingPHYDFOFWanted %Time %Time Play
1Ivan BarbashevAdam HenriqueJosh Anderson0323028%14:27
2Gustav NyquistNicolas RoyZach Parise0323028%14:27
3Ilya MikheyevBrayden PointNino Niederreiter0143027%14:15
4Eric StaalAndrew CoppMathieu Joseph0321017%8:55
5 vs 5 Defense
Line #DefenseDefensePHYDFOFWanted %Time %Time Play
1Ryan McDonaghSean Durzi0413032%16:47
2Matt RoyGustav Forsling0323031%16:14
3Jake SandersonSamuel Girard0323029%15:03
4Jake SandersonGustav Forsling032108%4:00
Power Play Forward
Line #Left WingCenterRight WingPHYDFOFWanted %Time %Time Play
1Ilya MikheyevBrayden PointNino Niederreiter0145255%2:12
2Zach PariseAdam HenriqueJosh Anderson0144845%1:46
Power Play Defense
Line #DefenseDefensePHYDFOFWanted %Time %Time Play
1Gustav ForslingSamuel Girard0235258%2:19
2Sean DurziJake Sanderson0234842%1:39
Penalty Kill 4 Players Forward
Line #CenterWingPHYDFOFWanted %Time %Time Play
1Andrew CoppMathieu Joseph0415560%2:23
2Nicolas RoyEric Staal0414540%1:35
Penalty Kill 4 Players Defense
Line #DefenseDefensePHYDFOFWanted %Time %Time Play
1Ryan McDonaghGustav Forsling0415555%2:10
2Jake SandersonSamuel Girard0414545%1:48
Penalty Kill 3 Players
Line #WingPHYDFOFWanted %Time %Time PlayDefenseDefensePHYDFOFWanted %Time %Time Play
1Nicolas Roy050550%0:00 Ryan McDonaghGustav Forsling050550%0:00
2Andrew Copp050450%0:00 Jake SandersonSamuel Girard050450%0:00
4 vs 4 Forward
Line #CenterWingPHYDFOFWanted %Time %Time Play
1Brayden PointIlya Mikheyev023600%0:00
2Adam HenriqueJosh Anderson023400%0:00
4 vs 4 Defense
Line #DefensePHYDFOFWanted %Time %Time Play
1Ryan McDonaghGustav Forsling032600%0:00
2Jake SandersonSamuel Girard131400%0:00
Last Minutes Offensive
Left WingCenterRight WingDefenseDefense
Brayden PointAdam HenriqueIlya MikheyevRyan McDonaghGustav Forsling
Last Minutes Defensive
Left WingCenterRight WingDefenseDefense
Mathieu JosephAndrew CoppZach PariseRyan McDonaghGustav Forsling
Time
Total ForwardTotal DefenseLast Minutes OffensiveLast Minutes Defensive
60:00 60:00 0:000:00
Extra Forwards
Normal PowerPlayPenalty Kill
Nicolas Roy, Andrew Copp, Ivan BarbashevNicolas Roy, Andrew CoppNicolas Roy
Extra Defensemen
Normal PowerPlayPenalty Kill
Samuel Girard, Sean Durzi, Matt RoySamuel Girard, Samuel GirardSean Durzi
Penalty Shots
Gustav Nyquist, Matt Roy, Mathieu Joseph, Zach Parise, Brayden Point
Goalie
Vitek Vanecek, Thatcher Demko
Custom OT Lines Forwards
Brayden Point, Zach Parise, Josh Anderson, Nino Niederreiter, Nicolas Roy, Andrew Copp, Ivan Barbashev, Gustav Nyquist, Ilya Mikheyev, Mathieu Joseph
Custom OT Lines Defensemen
Ryan McDonagh, Gustav Forsling, Jake Sanderson, Samuel Girard, Sean Durzi
Scratches
Mason Appleton (Healthy), Juuso Parssinen (Healthy)


Play-by-Play

1st period


0:01 of 1st period - Tomas Hertl wins face-off versus Adam Henrique in neutral zone.
0:35 of 1st period - Slapshot by Artemi Panarin.
0:35 of 1st period - Shot Misses the Net.
1:14 of 1st period - Sean Durzi is hit by Jayson Megna and loses puck.
1:35 of 1st period - Snap shot by Ivan Barbashev.
1:35 of 1st period - Stopped by Alexandar Georgiev with a rebound.
1:51 of 1st period - Snap shot by Tage Thompson.
1:51 of 1st period - Shot Blocked by Zach Parise.
2:49 of 1st period - Off-side.
2:50 of 1st period - Tomas Hertl wins face-off versus Gustav Nyquist in neutral zone.
3:14 of 1st period - Snap shot by Jordan Eberle.
3:14 of 1st period - Deflect By Tomas Hertl.
3:14 of 1st period - Shot Misses the Net.
3:14 of 1st period - Puck is out of play.
3:15 of 1st period - Tage Thompson wins face-off versus Brayden Point in Avalanche zone.
3:30 of 1st period - Snap shot by Nino Niederreiter.
3:30 of 1st period - Shot Misses the Net.
3:32 of 1st period - Slapshot by Jake Sanderson.
3:32 of 1st period - Shot Blocked by Tage Thompson.
4:31 of 1st period - Wrist shot by Mathieu Joseph.
4:31 of 1st period - Stopped by Alexandar Georgiev with a rebound.
4:33 of 1st period - Snap shot by Eric Staal.
4:33 of 1st period - Shot Misses the Net.
5:58 of 1st period - Snap shot by Nino Niederreiter.
5:58 of 1st period - Shot Misses the Net.
7:27 of 1st period - Gustav Forsling is hit by Alex Ovechkin and loses puck.
7:40 of 1st period - Wrist shot by Brayden Point.
7:40 of 1st period - Shot Blocked by Alex Ovechkin.
8:12 of 1st period - Trevor van Riemsdyk is hit by Samuel Girard.
8:21 of 1st period - Andrew Copp is hit by Jeff Carter and loses puck.
9:04 of 1st period - Ryan McDonagh is hit by Tage Thompson and loses puck.
9:19 of 1st period - Trevor van Riemsdyk is hit by Zach Parise and loses puck.
9:26 of 1st period - Tomas Hertl is hit by Ryan McDonagh and loses puck.
9:39 of 1st period - Jayson Megna is hit by Josh Anderson.
9:53 of 1st period - Brian Dumoulin is hit by Josh Anderson.
10:10 of 1st period - Matt Roy is hit by Christian Fischer and loses puck.
10:40 of 1st period - Christian Fischer is hit by Brayden Point and loses puck.
11:01 of 1st period - Nino Niederreiter is hit by Milan Lucic and loses puck.
11:34 of 1st period - Brayden Point is hit by Sean Kuraly and loses puck.
11:58 of 1st period - Milan Lucic is hit by Ryan McDonagh and loses puck.
12:17 of 1st period - Icing by Jake Sanderson.
12:18 of 1st period - Brayden Point wins face-off versus Tomas Hertl in Avalanche zone.
12:46 of 1st period - Snap shot by Josh Anderson.
12:46 of 1st period - Shot Blocked by Jeff Carter.
12:48 of 1st period - Slapshot by Adam Henrique.
12:48 of 1st period - Stopped by Alexandar Georgiev with a rebound.
12:50 of 1st period - Backhand shot by Adam Henrique.
12:50 of 1st period - Shot Misses the Net.
12:52 of 1st period - Slapshot by Jake Sanderson.
12:52 of 1st period - Stopped by Alexandar Georgiev without a rebound.
12:53 of 1st period - Adam Henrique wins face-off versus Jordan Eberle in Kings zone.
13:47 of 1st period - Snap shot by Andrew Copp.
13:47 of 1st period - Shot Misses the Net.
13:49 of 1st period - Snap shot by Matt Roy.
13:49 of 1st period - Deflect By Eric Staal.
13:49 of 1st period - Shot Misses the Net.
13:49 of 1st period - Puck is out of play.
13:50 of 1st period - Adam Henrique wins face-off versus Tomas Hertl in Kings zone.
13:55 of 1st period - Snap shot by Adam Henrique.
13:55 of 1st period - Shot Misses the Net.
13:57 of 1st period - Slapshot by Adam Henrique.
13:57 of 1st period - Deflect By Ivan Barbashev.
13:57 of 1st period - Shot Blocked by Jordan Eberle.
13:57 of 1st period - Puck is out of play.
13:58 of 1st period - Tomas Hertl wins face-off versus Adam Henrique in Kings zone.
13:58 of 1st period - Tomas Hertl is hit by Sean Durzi.
14:08 of 1st period - Icing by Adam Henrique.
14:09 of 1st period - Tomas Hertl wins face-off versus Adam Henrique in Avalanche zone.
14:10 of 1st period - Snap shot by Alex Ovechkin.
14:10 of 1st period - Stopped by Vitek Vanecek with a rebound.
14:14 of 1st period - Snap shot by Tomas Hertl.
14:14 of 1st period - Stopped by Vitek Vanecek with a rebound.
14:22 of 1st period - Olli Maatta is hit by Ivan Barbashev.
14:36 of 1st period - Adam Henrique is hit by Tage Thompson and loses puck.
14:59 of 1st period - Anthony Richard is hit by Ryan McDonagh and loses puck.
15:36 of 1st period - Snap shot by Christian Fischer.
15:36 of 1st period - Shot Misses the Net.
15:38 of 1st period - Slapshot by Trevor van Riemsdyk.
15:38 of 1st period - Stopped by Vitek Vanecek without a rebound.
15:39 of 1st period - Christian Fischer wins face-off versus Nino Niederreiter in Avalanche zone.
15:40 of 1st period - Wrist shot by Sean Kuraly.
15:40 of 1st period - Stopped by Vitek Vanecek without a rebound.
15:41 of 1st period - Sean Kuraly wins face-off versus Brayden Point in Avalanche zone.
15:50 of 1st period - Snap shot by Christian Fischer.
15:50 of 1st period - Shot Blocked by Ilya Mikheyev.
16:04 of 1st period - Backhand shot by Sean Kuraly.
16:04 of 1st period - Goal by Sean Kuraly - Kings : 1 - Avalanche : 0.
16:05 of 1st period - Tage Thompson wins face-off versus Nicolas Roy in neutral zone.
16:18 of 1st period - Olli Maatta is hit by Gustav Forsling and loses puck.
16:37 of 1st period - Slapshot by Jake Sanderson.
16:37 of 1st period - Stopped by Alexandar Georgiev with a rebound.
16:39 of 1st period - Snap shot by Adam Henrique.
16:39 of 1st period - Shot Misses the Net.
16:41 of 1st period - Slapshot by Jake Sanderson.
16:41 of 1st period - Shot Blocked by Alex Goligoski.
16:43 of 1st period - Snap shot by Josh Anderson.
16:43 of 1st period - Shot Blocked by Olli Maatta.
16:55 of 1st period - Snap shot by Sean Kuraly.
16:55 of 1st period - Stopped by Vitek Vanecek with a rebound.
17:54 of 1st period - Tomas Hertl is hit by Ivan Barbashev and loses puck.
18:18 of 1st period - Sean Kuraly is hit by Matt Roy and loses puck.
18:47 of 1st period - Brian Dumoulin is hit by Ryan McDonagh and loses puck.
19:12 of 1st period - Slapshot by Gustav Nyquist.
19:12 of 1st period - Shot Misses the Net.
19:22 of 1st period - Carl Grundstrom is hit by Gustav Forsling.
Goals for this period are 1 for Kings vs 0 for Avalanche.
Shots for this period are 6 for Kings vs 5 for Avalanche.

2nd period


0:01 of 2nd period - Tomas Hertl wins face-off versus Nicolas Roy in neutral zone.
0:06 of 2nd period - Snap shot by Tomas Hertl.
0:06 of 2nd period - Shot Misses the Net.
0:26 of 2nd period - Artemi Panarin is hit by Ivan Barbashev and loses puck.
1:25 of 2nd period - Tage Thompson is hit by Gustav Nyquist and loses puck.
1:34 of 2nd period - Matt Roy is hit by Jeff Carter and loses puck.
1:45 of 2nd period - Matt Roy is hit by Carl Grundstrom and loses puck.
1:52 of 2nd period - Snap shot by Carl Grundstrom.
1:52 of 2nd period - Deflect By Jayson Megna.
1:52 of 2nd period - Shot Blocked by Matt Roy.
1:52 of 2nd period - Puck is out of play.
1:53 of 2nd period - Adam Henrique wins face-off versus Tomas Hertl in Avalanche zone.
2:44 of 2nd period - Snap shot by Christian Fischer.
2:44 of 2nd period - Shot Misses the Net.
2:46 of 2nd period - Snap shot by Christian Fischer.
2:46 of 2nd period - Stopped by Vitek Vanecek with a rebound.
2:48 of 2nd period - Wrist shot by Sean Kuraly.
2:48 of 2nd period - Shot Misses the Net.
3:24 of 2nd period - Olli Maatta is hit by Nino Niederreiter and loses puck.
3:45 of 2nd period - Wrist shot by Andrew Copp.
3:45 of 2nd period - Shot Misses the Net.
3:47 of 2nd period - Snap shot by Mathieu Joseph.
3:47 of 2nd period - Stopped by Alexandar Georgiev with a rebound.
3:49 of 2nd period - Slapshot by Jake Sanderson.
3:49 of 2nd period - Shot Misses the Net.
3:51 of 2nd period - Wrist shot by Andrew Copp.
3:51 of 2nd period - Stopped by Alexandar Georgiev with a rebound.
3:53 of 2nd period - Snap shot by Andrew Copp.
3:53 of 2nd period - Shot Misses the Net.
3:55 of 2nd period - Snap shot by Mathieu Joseph.
3:55 of 2nd period - Shot Misses the Net.
4:07 of 2nd period - Matt Roy is hit by Jordan Eberle and loses puck.
4:32 of 2nd period - Alex Goligoski is hit by Adam Henrique and loses puck.
5:05 of 2nd period - Wrist shot by Artemi Panarin.
5:05 of 2nd period - Shot Misses the Net.
5:07 of 2nd period - Slapshot by Olli Maatta.
5:07 of 2nd period - Stopped by Vitek Vanecek with a rebound.
5:09 of 2nd period - Slapshot by Alex Goligoski.
5:09 of 2nd period - Shot Hit the Post.
5:11 of 2nd period - Wrist shot by Jeff Carter.
5:11 of 2nd period - Shot Blocked by Eric Staal.
5:13 of 2nd period - Slapshot by Alex Goligoski.
5:13 of 2nd period - Shot Blocked by Andrew Copp.
5:15 of 2nd period - Slapshot by Alex Goligoski.
5:15 of 2nd period - Stopped by Vitek Vanecek with a rebound.
5:25 of 2nd period - Alex Ovechkin is hit by Gustav Nyquist.
5:45 of 2nd period - Matt Roy is hit by Milan Lucic and loses puck.
6:16 of 2nd period - Snap shot by Carl Grundstrom.
6:16 of 2nd period - Shot Misses the Net.
6:18 of 2nd period - Slapshot by Jonas Brodin.
6:18 of 2nd period - Deflect By Anthony Richard.
6:18 of 2nd period - Shot Blocked by Matt Roy.
6:18 of 2nd period - Puck is out of play.
6:19 of 2nd period - Tomas Hertl wins face-off versus Nicolas Roy in Avalanche zone.
6:24 of 2nd period - Snap shot by Tomas Hertl.
6:24 of 2nd period - Stopped by Vitek Vanecek with a rebound.
6:26 of 2nd period - Slapshot by Jonas Brodin.
6:26 of 2nd period - Stopped by Vitek Vanecek with a rebound.
6:28 of 2nd period - Slapshot by Alex Ovechkin.
6:28 of 2nd period - Stopped by Vitek Vanecek without a rebound.
6:29 of 2nd period - Tomas Hertl wins face-off versus Nicolas Roy in Avalanche zone.
6:36 of 2nd period - Snap shot by Tomas Hertl.
6:36 of 2nd period - Stopped by Vitek Vanecek with a rebound.
6:46 of 2nd period - Snap shot by Tomas Hertl.
6:46 of 2nd period - Stopped by Vitek Vanecek with a rebound.
6:52 of 2nd period - Snap shot by Tomas Hertl.
6:52 of 2nd period - Stopped by Vitek Vanecek without a rebound.
6:53 of 2nd period - Adam Henrique wins face-off versus Tage Thompson in Avalanche zone.
7:07 of 2nd period - Snap shot by Adam Henrique.
7:07 of 2nd period - Stopped by Alexandar Georgiev with a rebound.
7:09 of 2nd period - Slapshot by Matt Roy.
7:09 of 2nd period - Stopped by Alexandar Georgiev with a rebound.
7:43 of 2nd period - Snap shot by Tage Thompson.
7:43 of 2nd period - Stopped by Vitek Vanecek without a rebound.
7:44 of 2nd period - Tomas Hertl wins face-off versus Ivan Barbashev in Avalanche zone.
7:55 of 2nd period - Wrist shot by Alex Ovechkin.
7:55 of 2nd period - Stopped by Vitek Vanecek with a rebound.
7:57 of 2nd period - Slapshot by Jonas Brodin.
7:57 of 2nd period - Shot Blocked by Gustav Forsling.
7:59 of 2nd period - Snap shot by Tomas Hertl.
7:59 of 2nd period - Stopped by Vitek Vanecek with a rebound.
8:01 of 2nd period - Backhand shot by Brian Dumoulin.
8:01 of 2nd period - Stopped by Vitek Vanecek with a rebound.
8:34 of 2nd period - Wrist shot by Carl Grundstrom.
8:34 of 2nd period - Shot Misses the Net.
8:58 of 2nd period - Snap shot by Adam Henrique.
8:58 of 2nd period - Stopped by Alexandar Georgiev without a rebound.
8:59 of 2nd period - Sean Kuraly wins face-off versus Adam Henrique in Kings zone.
9:12 of 2nd period - Wrist shot by Sean Kuraly.
9:12 of 2nd period - Deflect By Christian Fischer.
9:12 of 2nd period - Goal by Christian Fischer - Kings : 2 - Avalanche : 0.
9:13 of 2nd period - Nicolas Roy wins face-off versus Jordan Eberle in neutral zone.
9:25 of 2nd period - Icing by Jake Sanderson.
9:26 of 2nd period - Nicolas Roy wins face-off versus Tage Thompson in Avalanche zone.
9:40 of 2nd period - Off-side.
9:41 of 2nd period - Tomas Hertl wins face-off versus Brayden Point in neutral zone.
10:15 of 2nd period - Snap shot by Tomas Hertl.
10:15 of 2nd period - Goal by Tomas Hertl - Kings : 3 - Avalanche : 0.
10:16 of 2nd period - Tage Thompson wins face-off versus Adam Henrique in neutral zone.
11:53 of 2nd period - Minor Penalty to Tomas Hertl for Interference.
11:54 of 2nd period - Sean Kuraly wins face-off versus Brayden Point in Kings zone.
11:56 of 2nd period - Wrist shot by Nino Niederreiter.
11:56 of 2nd period - Shot Hit the Post.
11:58 of 2nd period - Snap shot by Nino Niederreiter.
11:58 of 2nd period - Stopped by Alexandar Georgiev without a rebound.
11:59 of 2nd period - Brayden Point wins face-off versus Sean Kuraly in Kings zone.
12:02 of 2nd period - Wrist shot by Brayden Point.
12:02 of 2nd period - Stopped by Alexandar Georgiev with a rebound.
12:34 of 2nd period - Snap shot by Josh Anderson.
12:34 of 2nd period - Shot Misses the Net.
13:53 of 2nd period - Penalty to Tomas Hertl is over, Tomas Hertl is back on ice.
13:56 of 2nd period - Tomas Hertl is hit by Nino Niederreiter and loses puck.
14:21 of 2nd period - Trevor van Riemsdyk is hit by Sean Durzi and loses puck.
14:34 of 2nd period - Snap shot by Nicolas Roy.
14:34 of 2nd period - Stopped by Alexandar Georgiev without a rebound.
14:35 of 2nd period - Tomas Hertl wins face-off versus Nicolas Roy in Kings zone.
15:08 of 2nd period - Christian Fischer is hit by Eric Staal.
15:28 of 2nd period - Tage Thompson is hit by Ivan Barbashev and loses puck.
15:49 of 2nd period - Wrist shot by Ilya Mikheyev.
15:49 of 2nd period - Stopped by Alexandar Georgiev without a rebound.
15:50 of 2nd period - Tomas Hertl wins face-off versus Nicolas Roy in Kings zone.
16:01 of 2nd period - Snap shot by Tomas Hertl.
16:01 of 2nd period - Stopped by Vitek Vanecek without a rebound.
16:02 of 2nd period - Tage Thompson wins face-off versus Brayden Point in Avalanche zone.
16:17 of 2nd period - Snap shot by Tage Thompson.
16:17 of 2nd period - Stopped by Vitek Vanecek without a rebound.
16:18 of 2nd period - Adam Henrique wins face-off versus Tomas Hertl in Avalanche zone.
16:20 of 2nd period - Minor Penalty to Adam Henrique for Tripping.
16:21 of 2nd period - Andrew Copp wins face-off versus Tomas Hertl in Avalanche zone.
16:21 of 2nd period - Andrew Copp is hit by Jonas Brodin.
17:15 of 2nd period - Nicolas Roy is hit by Jordan Eberle and loses puck.
18:20 of 2nd period - Penalty to Adam Henrique is over, Adam Henrique is back on ice.
18:27 of 2nd period - Snap shot by Ivan Barbashev.
18:27 of 2nd period - Shot Misses the Net.
18:39 of 2nd period - Christian Fischer is hit by Ivan Barbashev and loses puck.
18:43 of 2nd period - Icing by Milan Lucic.
18:44 of 2nd period - Sean Kuraly wins face-off versus Nicolas Roy in Kings zone.
18:56 of 2nd period - Backhand shot by Gustav Nyquist.
18:56 of 2nd period - Stopped by Alexandar Georgiev without a rebound.
18:57 of 2nd period - Nino Niederreiter wins face-off versus Tage Thompson in Kings zone.
19:35 of 2nd period - Off-side.
19:36 of 2nd period - Nicolas Roy wins face-off versus Tomas Hertl in neutral zone.
19:49 of 2nd period - Slapshot by Zach Parise.
19:49 of 2nd period - Stopped by Alexandar Georgiev with a rebound.
19:51 of 2nd period - Snap shot by Ryan McDonagh.
19:51 of 2nd period - Shot Misses the Net.
Goals for this period are 2 for Kings vs 0 for Avalanche.
Shots for this period are 17 for Kings vs 11 for Avalanche.

3rd period


0:01 of 3rd period - Adam Henrique wins face-off versus Tomas Hertl in neutral zone.
2:07 of 3rd period - Wrist shot by Brayden Point.
2:07 of 3rd period - Shot Misses the Net.
2:09 of 3rd period - Wrist shot by Ilya Mikheyev.
2:09 of 3rd period - Stopped by Alexandar Georgiev with a rebound.
2:11 of 3rd period - Snap shot by Brayden Point.
2:11 of 3rd period - Shot Misses the Net.
2:13 of 3rd period - Slapshot by Matt Roy.
2:13 of 3rd period - Shot Misses the Net.
2:15 of 3rd period - Snap shot by Samuel Girard.
2:15 of 3rd period - Stopped by Alexandar Georgiev with a rebound.
2:25 of 3rd period - Snap shot by Christian Fischer.
2:25 of 3rd period - Stopped by Vitek Vanecek with a rebound.
2:31 of 3rd period - Snap shot by Anthony Richard.
2:31 of 3rd period - Goal by Anthony Richard - Kings : 4 - Avalanche : 0.
2:32 of 3rd period - Adam Henrique wins face-off versus Tomas Hertl in neutral zone.
2:34 of 3rd period - Off-side.
2:35 of 3rd period - Adam Henrique wins face-off versus Tomas Hertl in neutral zone.
3:11 of 3rd period - Wrist shot by Zach Parise.
3:11 of 3rd period - Shot Blocked by Jeff Carter.
3:21 of 3rd period - Slapshot by Milan Lucic.
3:21 of 3rd period - Shot Misses the Net.
3:32 of 3rd period - Wrist shot by Brayden Point.
3:32 of 3rd period - Stopped by Alexandar Georgiev without a rebound.
3:33 of 3rd period - Nicolas Roy wins face-off versus Tomas Hertl in Kings zone.
3:34 of 3rd period - Snap shot by Gustav Nyquist.
3:34 of 3rd period - Stopped by Alexandar Georgiev without a rebound.
3:35 of 3rd period - Tomas Hertl wins face-off versus Nicolas Roy in Kings zone.
3:40 of 3rd period - Snap shot by Alex Ovechkin.
3:40 of 3rd period - Stopped by Vitek Vanecek without a rebound.
3:41 of 3rd period - Nicolas Roy wins face-off versus Tomas Hertl in Avalanche zone.
4:05 of 3rd period - Icing by Ryan McDonagh.
4:06 of 3rd period - Nicolas Roy wins face-off versus Tage Thompson in Avalanche zone.
4:11 of 3rd period - Wrist shot by Sean Durzi.
4:11 of 3rd period - Stopped by Alexandar Georgiev with a rebound.
4:35 of 3rd period - Snap shot by Christian Fischer.
4:35 of 3rd period - Deflect By Sean Durzi.
4:35 of 3rd period - Shot Hit the Post.
4:35 of 3rd period - Puck is out of play.
4:36 of 3rd period - Adam Henrique wins face-off versus Tomas Hertl in Avalanche zone.
4:52 of 3rd period - Minor Penalty to Josh Anderson for Holding.
4:53 of 3rd period - Tomas Hertl wins face-off versus Andrew Copp in Avalanche zone.
6:39 of 3rd period - Samuel Girard is hit by Alex Ovechkin and loses puck.
6:50 of 3rd period - Nicolas Roy is hit by Carl Grundstrom and loses puck.
6:52 of 3rd period - Penalty to Josh Anderson is over, Josh Anderson is back on ice.
7:01 of 3rd period - Wrist shot by Carl Grundstrom.
7:01 of 3rd period - Shot Misses the Net.
7:03 of 3rd period - Slapshot by Trevor van Riemsdyk.
7:03 of 3rd period - Deflect By Sean Kuraly.
7:03 of 3rd period - Shot Misses the Net.
7:03 of 3rd period - Puck is out of play.
7:04 of 3rd period - Sean Kuraly wins face-off versus Brayden Point in Avalanche zone.
8:12 of 3rd period - Wrist shot by Brayden Point.
8:12 of 3rd period - Stopped by Alexandar Georgiev with a rebound.
8:58 of 3rd period - Jordan Eberle is hit by Josh Anderson and loses puck.
9:27 of 3rd period - Wrist shot by Tomas Hertl.
9:27 of 3rd period - Stopped by Vitek Vanecek with a rebound.
9:31 of 3rd period - Snap shot by Alex Ovechkin.
9:31 of 3rd period - Stopped by Vitek Vanecek without a rebound.
9:32 of 3rd period - Sean Kuraly wins face-off versus Ilya Mikheyev in Avalanche zone.
9:40 of 3rd period - Off-side.
9:41 of 3rd period - Brayden Point wins face-off versus Sean Kuraly in neutral zone.
9:53 of 3rd period - Wrist shot by Ilya Mikheyev.
9:53 of 3rd period - Shot Misses the Net.
9:55 of 3rd period - Slapshot by Jake Sanderson.
9:55 of 3rd period - Shot Blocked by Olli Maatta.
9:57 of 3rd period - Snap shot by Nino Niederreiter.
9:57 of 3rd period - Shot Blocked by Olli Maatta.
9:59 of 3rd period - Wrist shot by Nino Niederreiter.
9:59 of 3rd period - Shot Misses the Net.
10:01 of 3rd period - Wrist shot by Ilya Mikheyev.
10:01 of 3rd period - Shot Blocked by Milan Lucic.
10:03 of 3rd period - Snap shot by Brayden Point.
10:03 of 3rd period - Stopped by Alexandar Georgiev with a rebound.
10:05 of 3rd period - Backhand shot by Ilya Mikheyev.
10:05 of 3rd period - Stopped by Alexandar Georgiev with a rebound.
10:07 of 3rd period - Snap shot by Brayden Point.
10:07 of 3rd period - Shot Blocked by Olli Maatta.
10:09 of 3rd period - Slapshot by Samuel Girard.
10:09 of 3rd period - Deflect By Brayden Point.
10:09 of 3rd period - Shot Misses the Net.
10:09 of 3rd period - Puck is out of play.
10:10 of 3rd period - Nicolas Roy wins face-off versus Tomas Hertl in Kings zone.
10:11 of 3rd period - Slapshot by Gustav Nyquist.
10:11 of 3rd period - Stopped by Alexandar Georgiev with a rebound.
10:13 of 3rd period - Wrist shot by Matt Roy.
10:13 of 3rd period - Deflect By Tomas Hertl.
10:13 of 3rd period - Stopped by Alexandar Georgiev without a rebound.
10:14 of 3rd period - Tomas Hertl wins face-off versus Nicolas Roy in Kings zone.
11:01 of 3rd period - Backhand shot by Carl Grundstrom.
11:01 of 3rd period - Shot Blocked by Gustav Forsling.
11:03 of 3rd period - Slapshot by Jonas Brodin.
11:03 of 3rd period - Stopped by Vitek Vanecek with a rebound.
11:05 of 3rd period - Slapshot by Anthony Richard.
11:05 of 3rd period - Deflect By Carl Grundstrom.
11:05 of 3rd period - Shot Misses the Net.
11:05 of 3rd period - Puck is out of play.
11:06 of 3rd period - Adam Henrique wins face-off versus Jayson Megna in Avalanche zone.
11:53 of 3rd period - Nino Niederreiter is hit by Jeff Carter and loses puck.
12:53 of 3rd period - Gustav Nyquist is hit by Olli Maatta and loses puck.
13:20 of 3rd period - Snap shot by Tage Thompson.
13:20 of 3rd period - Stopped by Vitek Vanecek without a rebound.
13:21 of 3rd period - Tage Thompson wins face-off versus Andrew Copp in Avalanche zone.
13:46 of 3rd period - Alex Goligoski is hit by Mathieu Joseph and loses puck.
14:07 of 3rd period - Wrist shot by Andrew Copp.
14:07 of 3rd period - Shot Hit the Post.
14:09 of 3rd period - Slapshot by Sean Durzi.
14:09 of 3rd period - Shot Misses the Net.
14:19 of 3rd period - Slapshot by Olli Maatta.
14:19 of 3rd period - Goal by Olli Maatta - Kings : 5 - Avalanche : 0.
14:20 of 3rd period - Tomas Hertl wins face-off versus Nicolas Roy in neutral zone.
14:34 of 3rd period - Snap shot by Gustav Nyquist.
14:34 of 3rd period - Shot Misses the Net.
14:36 of 3rd period - Slapshot by Zach Parise.
14:36 of 3rd period - Stopped by Alexandar Georgiev without a rebound.
14:37 of 3rd period - Adam Henrique wins face-off versus Sean Kuraly in Kings zone.
14:38 of 3rd period - Wrist shot by Ivan Barbashev.
14:38 of 3rd period - Shot Misses the Net.
14:40 of 3rd period - Snap shot by Adam Henrique.
14:40 of 3rd period - Stopped by Alexandar Georgiev with a rebound.
14:42 of 3rd period - Slapshot by Jake Sanderson.
14:42 of 3rd period - Stopped by Alexandar Georgiev with a rebound.
14:44 of 3rd period - Snap shot by Adam Henrique.
14:44 of 3rd period - Stopped by Alexandar Georgiev with a rebound.
14:46 of 3rd period - Snap shot by Samuel Girard.
14:46 of 3rd period - Shot Misses the Net.
14:48 of 3rd period - Wrist shot by Adam Henrique.
14:48 of 3rd period - Shot Blocked by Christian Fischer.
14:50 of 3rd period - Wrist shot by Ivan Barbashev.
14:50 of 3rd period - Deflect By Sean Kuraly.
14:50 of 3rd period - Stopped by Alexandar Georgiev without a rebound.
14:51 of 3rd period - Brayden Point wins face-off versus Tomas Hertl in Kings zone.
14:55 of 3rd period - Minor Penalty to Alex Ovechkin for Slashing.
14:56 of 3rd period - Sean Kuraly wins face-off versus Brayden Point in Kings zone.
15:52 of 3rd period - Tomas Hertl is hit by Samuel Girard.
16:36 of 3rd period - Snap shot by Jayson Megna.
16:36 of 3rd period - Stopped by Vitek Vanecek with a rebound.
16:38 of 3rd period - Slapshot by Jonas Brodin.
16:38 of 3rd period - Stopped by Vitek Vanecek with a rebound.
16:55 of 3rd period - Penalty to Alex Ovechkin is over, Alex Ovechkin is back on ice.
18:30 of 3rd period - Ivan Barbashev is hit by Sean Kuraly and loses puck.
18:37 of 3rd period - Joshua Brown is hit by Josh Anderson and loses puck.
19:10 of 3rd period - Matt Roy is hit by Tage Thompson and loses puck.
19:32 of 3rd period - Brayden Point is hit by Carl Grundstrom and loses puck.
19:45 of 3rd period - Brian Dumoulin is hit by Ivan Barbashev.
Goals for this period are 2 for Kings vs 0 for Avalanche.
Shots for this period are 10 for Kings vs 15 for Avalanche.




Output by the SimonT Hockey Simulator (STHS) for Eric Tremblay - Original Page W3C HTML5 Valid
Hockey Simulator - Hockey Simulation - Hockey Manager